 Dungeon Crawl Stone Soup version 0.29.1-4-g47bece8355 (webtiles) character file.

Game seed: 6329642344547185697

1021 javelincjr the Magician (level 8, -13/37 HPs)
             Began as a Spriggan Conjurer on Dec 7, 2022.
             Hit by a silver boomerang thrown by an orc warrior (20 damage)
             ... on level 5 of the Dungeon on Dec 8, 2022.
             The game lasted 00:37:06 (6548 turns).

javelincjr the Magician (Spriggan Conjurer)         Turns: 6548, Time: 00:37:06

Health: -13/37     AC:  2    Str:  0 (2)  XL:     8   Next: 2%
Magic:  18/18      EV: 18    Int: 30 (31) God:
Gold:   348        SH:  0    Dex: 13 (15) Spells: 16/20 levels left

rFire   . . .      SeeInvis +   I - +4 scimitar
rCold   . . .      Faith    .   (no shield)
rNeg    + . .      Spirit   .   G - +0 robe of Xumicuth {Harm Will+ Dex+2 Stlth+}
rPois   .          Reflect  .   (helmet restricted)
rElec   .          Harm     +   (no cloak)
rCorr   .          Rampage  .   (gloves unavailable)
Will    ++...                   (boots unavailable)
Stlth   ++++......              (no amulet)
HPRegen 0.00/turn               c - +6 ring of intelligence
MPRegen 0.16/turn               t - ring of positive energy

@: inhibited regen, slowed, lost strength, quick
A: very small, no large weapons, unfitting armour, see invisible, speed 3,
clever 1, wild magic 1, devolution 1
a: no special abilities


You were on level 5 of the Dungeon.
You visited 1 branch of the dungeon, and saw 6 of its levels.

You collected 348 gold pieces.

Inventory:

Hand Weapons
 d - a +0 whip
 e - a +0 short sword
 y - a +2 dagger of electrocution
 I - a +4 scimitar (weapon)
Missiles
 f - 46 stones
 i - 3 atropa-tipped darts
 w - 5 boomerangs (quivered)
 B - 2 throwing nets
Armour
 a - a +0 robe
 j - +0 fire dragon scales
 G - the +0 robe of Xumicuth (worn) {Harm Will+ Dex+2 Stlth+}
   (You found it on level 4 of the Dungeon)

   Dex:       It affects your dexterity (+2).
   Harm:      It increases damage dealt and taken.
   Will:      It increases your willpower.
   Stlth:     It makes you more stealthy.
 J - a +1 robe of positive energy
Jewellery
 c - a +6 ring of intelligence (left hand)
 t - a ring of positive energy (right hand)
Wands
 A - a wand of polymorph (6)
 K - a wand of roots (9)
 L - a wand of charming (9)
Scrolls
 l - a scroll of immolation
 n - 2 scrolls of magic mapping
 p - 2 scrolls of blinking
 q - a scroll of butterflies
 x - 2 scrolls of teleportation
 z - a scroll of enchant armour
Potions
 b - a potion of magic
 h - 3 potions of brilliance
 k - a potion of curing
 s - a potion of invisibility
 v - a potion of heal wounds


   Skills:
 + Level 1.3 Fighting
 + Level 1.8 Short Blades
 + Level 0.6 Throwing
 + Level 4.0 Dodging
 + Level 5.8 Stealth
 + Level 6.5 Spellcasting
 + Level 5.4 Conjurations
 + Level 0.3 Fire Magic


You had 16 spell levels left.
You knew the following spells:

 Your Spells              Type           Power      Damage    Failure   Level
a - Magic Dart            Conj           100%       1d8       1%          1
b - Searing Ray           Conj           100%       2d8       1%          2
c - Foxfire               Conj/Fire      100%       2x1d9     3%          1

Your spell library contained the following spells:

 Spells                   Type           Power      Damage    Failure   Level
 Conjure Flame            Conj/Fire      35%        6-21      8%          3
 Dazzling Flash           Conj/Hex       66%        N/A       8%          3
 Blink                    Tloc           24%        N/A       12%         2
 Inner Flame              Hex/Fire       13%        N/A       21%         3
 Lesser Beckoning         Tloc           12%        N/A       22%         3
 Flame Wave               Conj/Fire      35%        2d10      22%         4
 Fulminant Prism          Conj/Hex       16%        3d11      22%         4
 Iskenderun's Mystic Bla  Conj/Tloc      33%        2d8       22%         4
 Manifold Assault         Tloc           12%        N/A       86%         5


Dungeon Overview and Level Annotations

Branches:
Dungeon (6/15)             Temple (0/1) D:6

Altars:
Vehumet


Innate Abilities, Weirdness & Mutations

You are very small and have problems with some larger weapons.
You are too small for most types of armour.
You have supernaturally acute eyesight. (SInv)
You cover ground extremely quickly. (Speed+++)
Your mind is acute. (Int +4, Str/Dex -1)
Your spells are a little harder to cast, but a little more powerful.
You have hidden genetic defects.


Message History

There is a stone staircase leading up here.
The orc warrior closely misses you.
The orc priest begins to cast a cantrip, but forgets the words!
The orc closely misses you. The orc hits you but does no damage.
The orc warrior misses you.
You climb upwards.
There is a stone staircase leading down here.
The orc warrior throws a silver boomerang.
The silver boomerang misses you.
Casting: Foxfire (safe; 3% risk of failure)
Confirm with . or Enter, or press ? or * to list all spells.
You don't know that spell.
Casting: Foxfire (safe; 3% risk of failure)
Confirm with . or Enter, or press ? or * to list all spells.
You conjure some foxfire!
The orc warrior closely misses you.
The foxfire hits the orc warrior but does no damage.
The foxfire hits the orc warrior.
The orc warrior is lightly wounded.
Casting: Foxfire (safe; 3% risk of failure)
Confirm with . or Enter, or press ? or * to list all spells.
You conjure some foxfire!
The orc warrior throws a silver boomerang.
The silver boomerang hits you! The silver sears you!
The orc warrior throws a silver boomerang.
The silver boomerang misses you.
The foxfire hits the orc warrior.
The orc warrior is lightly wounded.
The foxfire hits the orc warrior but does no damage.
The orc warrior is lightly wounded.
The orc warrior throws a silver boomerang.
The silver boomerang hits you.
* * * LOW HITPOINT WARNING * * *
The silver sears you!
* * * LOW HITPOINT WARNING * * *
The orc warrior throws a silver boomerang.
The silver boomerang misses you.
The orc warrior throws a silver boomerang.
The silver boomerang hits you!
Ouch! That really hurt!
You die...

..# #.# #.# ..# ########[#
#.# ÷.# #.....[..# #.# ..#
#.############.######## ..#
#.# #..............# ..# #<#
#.######.......#
..###########.######..###o.#
.....................># #..##
....÷...........@.##..###...#
...#.########.###......##...#
##.#........#.###..#[..##...#
#.#..........##.......o....#
#.#........####.#........###
#.#........## #...##..####
#.#.#.......# ###.##..#
#.#.#.....#.# #.##..#
#...#.....#.# #.##..##


You could see an orc warrior.

Vanquished Creatures
  2 ogres
  A necrophage (D:5)
  2 scorpions
  4 wights (D:5)
  2 howler monkeys (D:4)
  A hound (D:4)
  An orc priest (D:3)
  4 iguanas
  4 gnolls (D:5)
  7 adders
  A shadow imp (D:5)
  A white imp (D:5)
  A worm (D:3)
  2 dart slugs
  10 orcs
  8 bats
  6 endoplasms
  5 giant cockroaches
  9 goblins
  12 hobgoblins
  9 kobolds
  5 quokkas
  6 ball pythons
  5 frilled lizards
  5 rats
113 creatures vanquished.

Vanquished Creatures (others)
  51 foxfires (D:5)
  A plant (D:1)
52 creatures vanquished.

Grand Total: 165 creatures vanquished

Notes
Turn   | Place    | Note
-------+----------+-------------------------------------------
     0 | D:1      | javelincjr the Spriggan Conjurer began the quest for the
                  | Orb.
     0 | D:1      | Reached XP level 1. HP: 9/9 MP: 5/5
   141 | D:1      | Reached XP level 2. HP: 13/13 MP: 2/6
   358 | D:1      | Reached skill level 3 in Spellcasting
   910 | D:2      | Reached XP level 3. HP: 16/16 MP: 0/8
  1758 | D:1      | Found a faded altar of an unknown god.
  2622 | D:2      | Reached XP level 4. HP: 21/21 MP: 5/9
  3137 | D:3      | Reached skill level 1 in Short Blades
  3356 | D:3      | Learned a level 2 spell: Searing Ray
  3619 | D:3      | Reached XP level 5. HP: 25/25 MP: 5/11
  3758 | D:3      | Found a radiant altar of Vehumet.
  3977 | D:5      | Entered Level 5 of the Dungeon
  4145 | D:4      | Reached skill level 4 in Spellcasting
  4251 | D:4      | Identified the +6 plate armour "Dihuem" {rC+ rN+ Dex+4}
  4516 | D:4      | Noticed an ogre
  4528 | D:4      | Killed an ogre
  4529 | D:4      | Reached XP level 6. HP: 29/29 MP: 5/14
  4664 | D:4      | Reached skill level 5 in Spellcasting
  4738 | D:4      | Reached skill level 5 in Stealth
  4880 | D:4      | Identified the +0 robe of Xumicuth {Harm Will+ Dex+2
                  | Stlth+}
  5113 | D:5      | Reached XP level 7. HP: 32/32 MP: 4/16
  5139 | D:6      | Found a staircase to the Ecumenical Temple.
  5166 | D:5      | Reached skill level 1 in Fighting
  5305 | D:5      | Reached skill level 5 in Conjurations
  5614 | D:5      | Learned a level 1 spell: Foxfire
  5853 | D:5      | Reached skill level 6 in Spellcasting
  6094 | D:5      | Reached XP level 8. HP: 37/37 MP: 13/18
  6330 | D:5      | Lost strength.
  6330 | D:5      | Gained mutation: Your mind is acute. (Int +4, Str/Dex -1)
                  | [potion of mutation]
  6330 | D:5      | Gained mutation: You have hidden genetic defects. [potion
                  | of mutation]
  6330 | D:5      | Gained mutation: Your spells are a little harder to cast,
                  | but a little more powerful. [potion of mutation]
  6548 | D:5      | Hit by a silver boomerang thrown by an orc warrior

Illustrated notes

Levels and vault maps discovered:
D:1:      erik_arrival_cave_to_civilisation [erik_arrival_cave_to_hall],
          layout_basic, shapermc_ecumenical_altar_pompeii, serial_forest,
          infiniplex_forest_straight_5, infiniplex_forest_lined_3,
          infiniplex_forest_corner_2, infiniplex_forest_clump_cross,
          infiniplex_forest_clump_medium, infiniplex_forest_lined_1,
          infiniplex_forest_zigzag_2, palyth_stone_intersect
D:2:      layout_loops_corners
D:3:      cheibrodos_greedy_goblins, layout_basic,
          mainiacjoe_overflow_cross_hatched, corexii_shack, corner_web_ring,
          minmay_misc_feat_diagonals
D:4:      layout_basic, grunt_ministairs_6
D:5:      layout_basic
D:6:      layout_basic, kennysheep_little_box, nicolae_dithmenos_the_darkroom,
          general_overflow_altar, minmay_temple_entry_large_hall, serial_glass,
          glass_columns_a, glass_columns_c

Skill      XL: |  1  2  3  4  5  6  7 |
---------------+----------------------+-----
Conjurations   | 3 4 5 |  5.4
Spellcasting   | 3 4 5 6 |  6.5
Short Blades   | 1 |  1.8
Dodging        | 3 4 |  4.0
Stealth        | 4 5 |  5.8
Fighting       | 1 |  1.3
Throwing       | |  0.6
Fire Magic     | |  0.3

Action                   |  1- 3 |  4- 6 |  7- 9 || total
-------------------------+-------+-------+-------++-------
Melee: Short sword       |    56 |     7 |       ||    63
       Dagger            |       |    10 |       ||    10
Throw: Boomerang         |       |       |     3 ||     3
 Cast: Magic Dart        |    84 |    65 |     2 ||   151
       Searing Ray       |       |    18 |     8 ||    26
       Foxfire           |       |       |    28 ||    28
  Use: Scroll            |     2 |       |     9 ||    11
       Potion            |       |       |    11 ||    11
 Stab: Distracted        |     2 |       |       ||     2
       Sleeping          |     2 |       |       ||     2
Armor: Robe              |    14 |     2 |     1 ||    17
Dodge: Dodged            |    59 |    26 |    18 ||   103
